 Dungeon Crawl Stone Soup version 0.22.1-1-ga44c0e56f4 (webtiles) character file.

70 Limaeva the Poker (level 4, 0/35 HPs)
             Began as a Merfolk Skald on Sept 26, 2018.
             Succumbed to a gnoll's poison
             ... on level 2 of the Dungeon.
             The game lasted 00:09:50 (1579 turns).

Limaeva the Poker (Merfolk Skald)                   Turns: 1579, Time: 00:09:50

Health: 0/35       AC:  6    Str: 11    XL:     4   Next: 21%
Magic:  2/7        EV: 11    Int: 12    God:
Gold:   40         SH:  0    Dex: 14    Spells: 6/7 levels left

rFire    . . .     SeeInvis .   a - +1 spear
rCold    . . .     Gourm    .   (no shield)
rNeg     . . .     Faith    .   h - +1 ring mail
rPois    .         Spirit   .   (no helmet)
rElec    .         Reflect  .   (no cloak)
rCorr    .         Harm     .   (no gloves)
MR       .....                  (no boots)
Stlth    +.........             (no amulet)
HPRegen  0.11/turn              (no ring)
MPRegen  0.10/turn              (no ring)

@: lethally poisoned (0 -> -10)
A: change form in water, swift swim, stealthy swim
a: no special abilities


You were on level 2 of the Dungeon.
You were not hungry.

You visited 1 branch of the dungeon, and saw 2 of its levels.

You collected 40 gold pieces.

Inventory:

Hand Weapons
 a - a +1 spear (weapon)
 e - a +0 dagger
 g - a +0 dagger
Missiles
 c - 88 stones (quivered)
 f - 17 poisoned needles
 l - 21 sling bullets
Armour
 b - a +0 leather armour
 h - a +1 ring mail (worn)
 j - a +0 helmet
Scrolls
 i - a scroll of magic mapping
 k - a scroll of amnesia
 m - a scroll of identify
Comestibles
 d - 6 rations


   Skills:
 + Level 3.3 Fighting
 - Level 3.7 Polearms
 - Level 1.0 Armour
 - Level 3.1 Dodging
 - Level 0.7 Stealth
 - Level 2.2 Spellcasting
 - Level 3.6 Charms


You had 6 spell levels left.
You knew the following spells:

 Your Spells              Type           Power        Failure   Level  Hunger
a - Infusion              Chrm           ##..         14%         1    ##.....

Your spell library contained the following spells:

 Spells                   Type           Power        Failure   Level  Hunger
 Song of Slaying          Chrm           ##......     22%         2    ###....
 Shroud of Golubria       Chrm/Tloc      #.........   41%         2    ###....
 Regeneration             Chrm/Necr      #.........   65%         3    ####...
 Spectral Weapon          Hex/Chrm       #.......     65%         3    ####...


Dungeon Overview and Level Annotations

Branches:
Dungeon (2/15)

Altars:


Message History

You barely miss the gnoll.
The gnoll is moderately wounded.
* * * LOW HITPOINT WARNING * * *
You feel sick. The gnoll misses you.
You puncture the gnoll!
The gnoll is almost dead.
* * * LOW HITPOINT WARNING * * *
You feel sick. The gnoll hits you.
* * * LOW HITPOINT WARNING * * *
You hit the gnoll.
You kill the gnoll!
* * * LOW HITPOINT WARNING * * *
You feel sick. The adder bites you but does no damage.
* * * LOW HITPOINT WARNING * * *
You feel sick.
You see here a gnoll corpse.
You miss the adder.
* * * LOW HITPOINT WARNING * * *
You feel sick. The adder bites you but does no damage.
You die...

+...............#..#.....**#.....
#....#.............#.....###.###.
........####.....................
..............#...........#......
...<.........g#......##..........
.............g#....#.##..........
####..........+....#.##..........
####..#.......###.##..#.......###
...............†@.....#......##**
#.............##S............#,,,
#.............##.............#,**
#.............##............##,,,
#.............##........#......,,
..............##....##..#.###...,
#.............##..........# *...,
#.........#...............#**,..,
#....#.#.##..###......#...#,,,,,,


You could see an adder.

Vanquished Creatures
  2 gnolls (D:2)
  2 dart slugs (D:2)
  3 leopard geckos (D:1)
  2 giant cockroaches (D:1)
  4 goblins
  3 hobgoblins
  4 jackals (D:2)
  A quokka (D:2)
  8 bats
  5 frilled lizards
  3 kobolds (D:1)
  5 rats
42 creatures vanquished.

Notes
Turn   | Place    | Note
-------+----------+-------------------------------------------
     0 | D:1      | Limaeva the Merfolk Skald began the quest for the Orb.
     0 | D:1      | Reached XP level 1. HP: 16/16 MP: 3/3
   142 | D:1      | Reached XP level 2. HP: 22/23 MP: 5/5
   523 | D:1      | Reached XP level 3. HP: 20/28 MP: 6/6
  1408 | D:2      | Reached skill level 1 in Armour
  1572 | D:2      | Reached XP level 4. HP: 11/35 MP: 1/7
  1578 | D:2      | HP: 1/35 [poisoned by a gnoll]
  1579 | D:2      | Succumbed to a gnoll's poison

Skill      XL: |  1  2  3 |
---------------+----------+-----
Dodging        | 3 |  3.1
Armour         | 1 |  1.0
Fighting       | 3 |  3.3
Polearms       | |  3.7
Stealth        | |  0.7
Spellcasting   | |  2.2
Charms         | |  3.6

Action                   |  1- 3 |  4- 6 || total
-------------------------+-------+-------++-------
Melee: Spear             |   135 |     5 ||   140
Throw: Stone             |     8 |       ||     8
 Cast: Infusion          |     2 |       ||     2
  Use: Scroll            |    10 |       ||    10
       Potion            |     4 |       ||     4
 Stab: Sleeping          |     4 |       ||     4
  Eat: Chunk             |     2 |       ||     2
Armor: Leather armour    |    18 |       ||    18
       Ring mail         |    14 |     3 ||    17
Dodge: Dodged            |    70 |     1 ||    71
